 Dungeon Crawl Stone Soup version 0.16.0-12-g7215832 (webtiles) character file.

15941 Woebin the Nimble (level 12, -6/92 HPs)
             Began as a Demonspawn Gladiator on Mar 18, 2015.
             Was a High Priest of Okawaru.
             Mangled by a death yak (13 damage)
             ... on level 3 of the Lair of Beasts.
             The game lasted 01:20:19 (12167 turns).

Woebin the Nimble (Demonspawn Gladiator)           Turns: 12167, Time: 01:20:20

Health: -6/92      AC: 15    Str: 19    XL:     12   Next: 5%
Magic:  0/13       EV: 23    Int: 10    God:    Okawaru [*****.]
Gold:   716        SH:  0    Dex: 15    Spells: 0 memorised, 11 levels left

rFire  . . .     SeeInvis .     a - +7 great sword of Clinauwn {slice, rElec}
rCold  + . .     Clarity  .     N - +2 robe of Wicuddean {rC+ MR+ Regen+ rCorr Stlth-}
rNeg   . . .     SustAb   .     (no shield)
rPois  +         Gourm    .     V - +2 helmet
rElec  +         Spirit   +     J - +0 cloak
rCorr  +         Warding  .     C - +2 pair of gloves
rMut   .         Stasis   .     (no boots)
MR     +....                    (no amulet)
Stlth  +.........               X - +4 ring of evasion
                                Q - ring of poison resistance

@: about to teleport, very slightly contaminated, invisible, somewhat resistant
to hostile enchantments, very unstealthy
A: claws 2, hooves 1, yellow scales 2, spiny 2, magic shield
a: Heroism, Finesse, Renounce Religion


You were on level 3 of the Lair of Beasts.
You worshipped Okawaru.
Okawaru was extremely pleased with you.
You were not hungry.

You visited 3 branches of the dungeon, and saw 14 of its levels.

You collected 716 gold pieces.

Inventory:

Hand weapons
 a - the +7 great sword of Clinauwn (weapon) {slice, rElec}
   (Okawaru gifted it to you on level 3 of the Lair of Beasts)

   It inflicts extra damage upon your enemies.
   It insulates you from electricity.
 b - a +0 hunting sling
 r - a +4 falchion of venom
Missiles
 c - 3 sling bullets of flame
 d - a steel javelin
 h - 6 javelins (quivered)
 k - 8 silver javelins
 m - a throwing net
 t - 12 sling bullets of frost
Armour
 B - a +0 buckler
 C - a +2 pair of gloves (worn)
 J - a +0 cloak (worn)
 N - the +2 robe of Wicuddean (worn) {rC+ MR+ Regen+ rCorr Stlth-}
   (You found it on level 8 of the Dungeon)

   It protects you from cold.
   It affects your resistance to hostile enchantments.
   It increases your rate of regeneration.
   It protects you from acid and corrosion.
   It makes you less stealthy.
 V - a +2 helmet (worn)
Jewellery
 g - an uncursed ring of protection from magic
 l - an uncursed ring of protection from fire
 H - a +3 ring of strength
 Q - a ring of poison resistance (left hand)
 X - a +4 ring of evasion (right hand)
Magical devices
 j - a wand of frost (38)
 n - a wand of paralysis (11)
 p - a wand of teleportation (1)
 y - a wand of paralysis (10)
 E - a wand of confusion (18)
 I - a wand of flame (25)
Scrolls
 e - a scroll of noise {unknown}
 i - 3 scrolls of fog
 q - 2 scrolls of fear
 x - 2 scrolls of teleportation
 z - 3 scrolls of blinking
 F - 3 scrolls of magic mapping
 L - 2 scrolls of summoning
 W - a scroll of holy word {unknown}
Potions
 f - a potion of ambrosia
 o - 5 potions of curing
 u - 4 potions of cancellation
 T - 2 potions of haste
Comestibles
 Z - 2 royal jellies


   Skills:
 + Level 7.8 Fighting
   Level 0.1(4.9) Short Blades
 + Level 8.0 Long Blades
   Level 4.2 Polearms
 + Level 5.6(6.3) Slings
   Level 3.2 Bows
 + Level 4.2(5.6) Throwing
 + Level 5.2 Armour
 + Level 10.3 Dodging
 - Level 1.5 Stealth
 + Level 3.6 Shields
 + Level 0.3 Invocations
 + Level 0.7 Evocations


You had 11 spell levels left.
You didn't know any spells.

Dungeon Overview and Level Annotations

Branches:
Dungeon (10/15)            Temple (1/1) D:5            Lair (3/8) D:10
  Swamp: Lair:3-6    Shoals: Lair:3-6     Snake: Lair:3-6    Spider: Lair:3-6
    Orc: D:9-12

Altars:
Ashenzari
Cheibriados
Dithmenos
Elyvilon
Fedhas
Gozag
Kikubaaqudgha
Makhleb
Nemelex Xobeh
Okawaru
Qazlal
Ru
Sif Muna
Trog
Vehumet
Xom
Yredelemnul
Zin
The Shining One

Shops:
D:7 }


Innate Abilities, Weirdness & Mutations

You have very sharp fingernails.
You are mostly covered in yellow scales (AC +3).
You are mostly covered in sharp spines.
When hurt, damage is shared between your health and your magic reserves.
You have large cloven feet.


Message History

* * * LOW HITPOINT WARNING * * *
The death yak gores you!
* * * LOW HITPOINT WARNING * * *
Drink which item? (? for menu, Esc to quit)
You fade into invisibility!
The death yak gores you but does no damage.
The death yak gores you!
* * * LOW HITPOINT WARNING * * *
You are very lightly contaminated with residual magic.
The death yak completely misses you.
Read which item? (? for menu, Esc to quit)
As you read the scroll of teleportation, it crumbles to dust.
You feel strangely unstable.
The death yak gores you but does no damage.
The death yak gores you!
* * * LOW HITPOINT WARNING * * *
You slash the death yak!!
The death yak is almost dead.
The death yak gores you!
You die...

.# ## ####.. .#. ......
....## .#.#.. .(....# ###
.......## ....# .........
..... #[.......###
.......#......P#@#
##............(YY#
#.P........#.(#..#
.#P..P........##.#...
.............##..(.P.# .
..P.........^# #.#..## #..#
P.#..PP.....## #...#####..#.
...#P........# #....##.#....
.............###...#....P.##
.#


You could see 2 death yaks.

Vanquished Creatures
  A death yak (Lair:3)
  3 hill giants (D:10)
  An ugly thing (D:7)
  3 black mambas
  An elephant (D:10)
  2 spiny frogs
  3 komodo dragons (Lair:1)
  13 blink frogs
  A two-headed ogre (D:8)
  2 basilisks (Lair:2)
  10 yaks
  A hippogriff (D:9)
  2 hungry ghosts
  4 water moccasins (Lair:2)
  3 porcupines
  4 ogres
  A sky beast (D:4)
  4 orc warriors
  A phantom (D:6)
  A necrophage (D:6)
  An ice beast (D:5)
  4 centaurs
  The ghost of Woebin the Ducker, an average DsGl (D:4)
  Sigmund (D:2)
  2 crocodiles
  A water moccasin zombie (D:8)
  A big kobold (D:8)
  A gnoll sergeant (D:9)
  7 giant frogs
  2 scorpions
  5 wights (D:9)
  2 electric eels (D:8)
  5 crimson imps
  4 jellies
  A centaur zombie (D:6)
  2 quasits
  4 goliath beetles
  8 hounds
  3 centaur skeletons
  4 orc priests
  A giant frog skeleton (D:10)
  8 worker ants
  8 orc wizards
  A sheep (D:10)
  5 iguanas
  Ijyb (D:2)
  A hound skeleton (D:7)
  A worker ant zombie (D:5)
  20 adders
  18 gnolls
  23 river rats
  2 shadow imps
  2 worms
  A giant mite (D:3)
  2 adder zombies
  4 giant geckos
  An ooze (D:1)
  64 orcs
  2 ball pythons
  2 bat skeletons
  7 giant cockroaches
  15 goblins
  19 hobgoblins
  6 jackals
  17 kobolds
  9 quokkas
  14 bats
  A giant gecko skeleton (D:8)
  A giant newt (D:1)
  A jackal skeleton (D:8)
  3 quokka skeletons
  A quokka zombie (D:6)
  13 rats
  3 ballistomycetes (D:7)
  A fungus (Lair:2)
398 creatures vanquished.

Vanquished Creatures (others)
  2 giant spores (D:7)
2 creatures vanquished.

Grand Total: 400 creatures vanquished

Notes
Turn   | Place    | Note
--------------------------------------------------------------
     0 | D:1      | Woebin, the Demonspawn Gladiator, began the quest for the Orb.
     0 | D:1      | Reached XP level 1. HP: 16/16 MP: 1/1
   365 | D:1      | Gained mutation: You are partially covered in yellow scales (AC +2). [demonic ancestry]
   365 | D:1      | Reached XP level 2. HP: 22/22 MP: 2/2
   719 | D:2      | Noticed Ijyb
   732 | D:2      | Killed Ijyb
   732 | D:2      | Reached skill level 3 in Polearms
   732 | D:2      | Reached XP level 3. HP: 17/28 MP: 3/3
   923 | D:2      | Reached XP level 4. HP: 32/34 MP: 4/4
  1032 | D:2      | Noticed Sigmund
  1048 | D:2      | Killed Sigmund
  1048 | D:2      | Reached skill level 1 in Armour
  1048 | D:2      | Gained mutation: You are partially covered in sharp spines. [demonic ancestry]
  1048 | D:2      | Reached XP level 5. HP: 17/40 MP: 5/5
  1532 | D:3      | Reached skill level 4 in Dodging
  2139 | D:3      | Found a shattered altar of Ashenzari.
  2232 | D:3      | Gained mutation: You have sharp fingernails. [demonic ancestry]
  2232 | D:3      | Reached XP level 6. HP: 47/47 MP: 6/6
  2511 | D:4      | Found a bloodstained altar of Trog.
  2539 | D:4      | Reached skill level 1 in Slings
  2589 | D:4      | Noticed Woebin's ghost (average DsGl)
  2611 | D:4      | Killed Woebin's ghost
  2611 | D:4      | Reached skill level 1 in Long Blades
  2805 | D:4      | Reached XP level 7. HP: 49/52 MP: 7/7
  2808 | D:4      | Reached skill level 5 in Dodging
  3081 | D:4      | Found a shimmering altar of Xom.
  3345 | D:5      | Entered Level 5 of the Dungeon
  3381 | D:5      | Reached skill level 1 in Stealth
  3986 | D:5      | Reached XP level 8. HP: 59/59 MP: 8/8
  4088 | D:5      | Found a staircase to the Ecumenical Temple.
  4094 | Temple   | Entered the Ecumenical Temple
  4199 | Temple   | Became a worshipper of Warmaster Okawaru
  4546 | D:6      | Reached skill level 1 in Bows
  4656 | D:6      | Acquired Okawaru's first power
  5012 | D:6      | Gained mutation: You have large cloven feet. [potion of mutation]
  5012 | D:6      | Gained mutation: You are weak. (Str -2) [potion of mutation]
  5012 | D:6      | Lost mutation: You are weak. (Str -2) [potion of mutation]
  5621 | D:7      | Reached skill level 6 in Dodging
  5621 | D:7      | Gained mutation: When hurt, damage is shared between your health and your magic reserves. [demonic ancestry]
  5621 | D:7      | Reached XP level 9. HP: 48/65 MP: 9/9
  5781 | D:7      | Found a shimmering altar of Xom.
  5866 | D:7      | Found Shec's Gadget Shoppe.
  6049 | D:7      | Noticed a red ugly thing
  6397 | D:7      | Killed a red ugly thing
  7172 | D:8      | Reached skill level 5 in Armour
  7241 | D:8      | Got a brightly glowing robe
  7252 | D:8      | Identified the +2 robe of Wicuddean {rC+ MR+ Regen+ rCorr Stlth-} (You found it on level 8 of the Dungeon)
  7285 | D:8      | Found an iron altar of Okawaru.
  7358 | D:8      | Reached skill level 5 in Fighting
  7762 | D:8      | Reached skill level 7 in Dodging
  7818 | D:8      | Reached skill level 1 in Shields
  8002 | D:9      | Found Peckir's Weapon Emporium.
  8260 | D:9      | Gained mutation: You are mostly covered in yellow scales (AC +3). [demonic ancestry]
  8260 | D:9      | Reached XP level 10. HP: 53/74 MP: 6/10
  8451 | D:9      | Reached skill level 5 in Long Blades
  8853 | D:10     | Entered Level 10 of the Dungeon
  8853 | D:10     | Noticed a hill giant
  9044 | D:10     | Noticed an elephant
  9054 | D:10     | Killed an elephant
  9140 | D:10     | Found a staircase to the Lair.
  9176 | D:10     | Reached skill level 8 in Dodging
  9180 | D:10     | Killed a hill giant
  9346 | D:10     | Noticed a hill giant
  9356 | D:10     | Killed a hill giant
  9356 | D:10     | Received a gift from Okawaru
  9356 | D:10     | Gained mutation: You have very sharp fingernails. [demonic ancestry]
  9356 | D:10     | Reached XP level 11. HP: 83/83 MP: 12/12
  9395 | D:10     | Noticed a hill giant
  9405 | D:10     | Killed a hill giant
  9504 | D:10     | Received a gift from Okawaru
  9673 | Lair:1   | Entered Level 1 of the Lair of Beasts
 10066 | Lair:1   | Reached skill level 9 in Dodging
 10072 | Lair:1   | Acquired Okawaru's second power
 10685 | Lair:2   | Reached skill level 5 in Slings
 11407 | Lair:2   | Reached skill level 10 in Dodging
 11414 | Lair:2   | Received a gift from Okawaru
 11921 | Lair:3   | Received a gift from Okawaru
 12087 | Lair:3   | Gained mutation: You are mostly covered in sharp spines. [demonic ancestry]
 12087 | Lair:3   | Reached XP level 12. HP: 86/92 MP: 11/13
 12105 | Lair:3   | Received a gift from Okawaru
 12106 | Lair:3   | Got a scorched great sword {god gift}
 12122 | Lair:3   | Identified the +7 great sword of Clinauwn {slice, rElec} (Okawaru gifted it to you on level 3 of the Lair of Beasts)
 12149 | Lair:3   | Noticed a death yak
 12151 | Lair:3   | Noticed a death yak
 12151 | Lair:3   | Noticed a death yak
 12157 | Lair:3   | Killed a death yak
 12167 | Lair:3   | Mangled by a death yak

Action                   |  1- 3 |  4- 6 |  7- 9 | 10-12 || total
-------------------------+-------+-------+-------+-------++-------
Melee: Trident           |    41 |    17 |       |       ||    58
       Short sword       |    26 |       |       |       ||    26
       Falchion          |       |   100 |   383 |   491 ||   974
       Halberd           |       |       |    36 |       ||    36
       Whip              |       |       |     1 |       ||     1
       Great sword       |       |       |       |     7 ||     7
 Fire: Hunting sling     |       |    26 |    47 |    47 ||   120
       Shortbow          |       |       |    39 |       ||    39
Throw: Throwing net      |     1 |     3 |       |     1 ||     5
       Javelin           |       |     4 |    15 |    43 ||    62
Invok: Heroism           |       |       |       |     1 ||     1
Evoke: Wand              |       |       |     4 |       ||     4
  Use: Scroll            |       |     5 |     7 |    11 ||    23
       Potion            |       |       |     7 |     3 ||    10
 Stab: Held in net/web   |     2 |       |       |     2 ||     4
  Eat: Chunk             |       |     6 |    15 |    11 ||    32
       Pizza             |       |       |     2 |       ||     2
       Meat ration       |       |       |       |     1 ||     1
